 Dungeon Crawl Stone Soup version 0.28-a0-1387-g3a22ab9bdc (webtiles) character file.

Game seed: 4936978170060457910

17 HallandMoats the Skirmisher (level 2, 24/24 HPs)
             Began as a Demonspawn Fighter on Jan 2, 2022.
             Got out of the dungeon alive.
             The game lasted 00:03:18 (1276 turns).

HallandMoats the Skirmisher (Demonspawn Fighter)    Turns: 1276, Time: 00:03:19

Health: 24/24      AC:  6    Str: 16    XL:     2   Next: 44%
Magic:  2/2        EV:  9    Int: 11    God:
Gold:   17         SH:  4    Dex: 12    Spells: 1/1 levels left

rFire   . . .      SeeInvis .   a - +0 war axe
rCold   . . .      Faith    .   c - +0 buckler
rNeg    . . .      Spirit   .   b - +0 scale mail
rPois   .          Reflect  .   (no helmet)
rElec   .          Harm     .   (no cloak)
rCorr   .          Rampage  .   (no gloves)
Will    .....                   (no boots)
Stlth   ..........              (no amulet)
HPRegen 0.08/turn               (no ring)
MPRegen 0.08/turn               (no ring)

@: no status effects
A: big brain 1
a: no special abilities


You escaped.
You visited 1 branch of the dungeon, and saw 1 of its levels.

You collected 17 gold pieces.

Inventory:

Hand Weapons
 a - a +0 war axe (weapon)
Armour
 b - a +0 scale mail (worn)
 c - a +0 buckler (worn)
Scrolls
 e - a scroll of vulnerability {unknown}
 g - 3 scrolls of identify {unknown}
 h - a scroll of noise {unknown}
 i - a scroll of teleportation {unknown}
Potions
 d - a potion of might
 f - a potion of curing {unknown}


   Skills:
 + Level 3.5 Fighting
 + Level 2.2 Axes
 - Level 2.6 Armour
 - Level 2.6 Shields


You had one spell level left.
You didn't know any spells.
Your spell library contained the following spells:

 Spells                   Type           Power      Damage    Failure   Level
 Summon Small Mammal      Summ           0%         N/A       83%         1
 Call Canine Familiar     Summ           0%         N/A       99%         3
 Summon Guardian Golem    Hex/Summ       0%         N/A       99%         3


Dungeon Overview and Level Annotations

Branches:
Dungeon (1/15)

Altars:


Innate Abilities, Weirdness & Mutations

You have an unusually large brain. (Int +2)


Message History

You see here a giant cockroach corpse.
There is an open door here.
Found a stone staircase leading down.
There is a stone staircase leading down here.
You see here a bat corpse.
You open the door.
Found 15 bolts.
There is an open door here.
A frilled lizard comes into view.
The frilled lizard bites you but does no damage.
You see here 15 bolts.
You slash the frilled lizard!
You kill the frilled lizard!
You see here a frilled lizard corpse.
Done exploring.
Done exploring.
Okay, then.
Unknown command.
Search for what [? for help]? armor
Okay, then.
Press: ? - help, . - travel You can't see that place. [the floor.]
You see here a frilled lizard corpse.
You see here 15 bolts.
There is an open door here.
You see here a bat skeleton.
There is a stone staircase leading down here.
Unknown command.
You start waiting.
Done waiting.
Unknown command.
Unknown command.
You see here a bat skeleton.
You see here a +0 club.
There is an open door here.
There is an open door here.
There is a staircase leading out of the dungeon here.
Are you sure you want to leave the Dungeon?
This will make you lose the game!
You have escaped!

#.#....#.######.....######
#.###'##.##...#######
####'###.#.##.###..##
.##...#.##.#.######.##
.##...#.#.##.##..###.#
.##...#.#.#.##.##.##.##
......#.#.#.#.####.##.#
##....#.#.#.######.##.#
.#...##.#.#.## #@##.#.#
.######.#.##.# ##.#.#.#
.######.##.#.####.#.#.#
......'#.#.##.##.##.#.#
#####.##.##.###.##.##.# #
#.##.###...###.#.## #
#.###.#######.##.# ## #.#
##.###...##.## .# #.#
##...####.##


There were no monsters in sight!

Vanquished Creatures
  3 bats (D:1)
  A giant cockroach (D:1)
  2 goblins (D:1)
  3 jackals (D:1)
  A ball python (D:1)
  4 frilled lizards (D:1)
  A kobold (D:1)
  A rat (D:1)
16 creatures vanquished.

Notes
Turn   | Place    | Note
-------+----------+-------------------------------------------
     0 | D:1      | HallandMoats the Demonspawn Fighter began the quest for the
                  | Orb.
     0 | D:1      | Reached XP level 1. HP: 18/18 MP: 1/1
   674 | D:1      | Gained mutation: You have an unusually large brain. (Int
                  | +2) [demonic ancestry]
   674 | D:1      | Reached XP level 2. HP: 17/24 MP: 2/2
  1276 | D:$      | Got out of the dungeon alive.

Illustrated notes

Levels and vault maps discovered:
D:1:      dpeg_arrival_solitude, layout_basic, minmay_pentomino_p2

Skill      XL: |  1 |
---------------+----+-----
Axes           | 2 |  2.2
Fighting       | |  3.5
Armour         | |  2.6
Shields        | |  2.6

Action                   || total
-------------------------++-------
Melee: War axe           ||    53
Armor: Scale mail        ||    35
Dodge: Dodged            ||    36
Block: Buckler           ||    10

Table legend: (Time is in decaauts)
 A = Elapsed time spent in this place.
 B = Non-inter-level travel time spent in this place.
 C = Inter-level travel time spent in this place.
 D = Time resting spent in this place.
 E = Time spent auto-exploring this place.
 F = Levels seen in this place.
 G = Mean time per level.
                   A        B        C        D        E       F      G
               +--------+--------+--------+--------+--------+-----+--------+
         Total |   1299 |   1125 |    174 |    259 |    675 |   1 | 1299.0 |
       Dungeon |   1299 |   1125 |    174 |    259 |    675 |   1 | 1299.0 |
               +--------+--------+--------+--------+--------+-----+--------+

Top non-repeatable levels by time:
     D:1: 1299 daAuts
